 Dungeon Crawl Stone Soup version 0.29.1-1-gd02db6906a (webtiles) character file.

Game seed: 16679031752148829402

41 Ashen the Firebug (level 3, -3/24 HPs)
             Began as a Demonspawn Fire Elementalist on Oct 5, 2022.
             Slain by a quokka (4 damage)
             ... on level 2 of the Dungeon.
             The game lasted 00:02:56 (1556 turns).

Ashen the Firebug (Demonspawn Fire Elementalist)    Turns: 1556, Time: 00:02:56

Health: -3/24      AC:  2    Str:  8    XL:     3   Next: 32%
Magic:  0/6        EV: 12    Int: 18    God:
Gold:   55         SH:  0    Dex: 13    Spells: 3/6 levels left

rFire   . . .      SeeInvis .   i - +3 dagger
rCold   . . .      Faith    .   (no shield)
rNeg    . . .      Spirit   .   a - +0 robe
rPois   .          Reflect  .   (no helmet)
rElec   .          Harm     .   (no cloak)
rCorr   .          Rampage  .   (no gloves)
Will    .....                   (no boots)
Stlth   ++........              (no amulet)
HPRegen 0.08/turn               (no ring)
MPRegen 0.10/turn               (no ring)

@: very slightly contaminated
A: claws 2
a: no special abilities


You were on level 2 of the Dungeon.
You visited 1 branch of the dungeon, and saw 2 of its levels.

You collected 55 gold pieces.

Inventory:

Hand Weapons
 i - a +3 dagger (weapon)
Armour
 a - a +0 robe (worn)
Scrolls
 c - a scroll of fog {unknown}
 e - a scroll of vulnerability {unknown}
Potions
 b - a potion of magic
 d - a potion of berserk rage {unknown}
 f - a potion of brilliance {unknown}
 g - a potion of flight {unknown}
 h - 2 potions of resistance {unknown}
 j - 2 potions of haste {unknown}


   Skills:
 + Level 2.2 Dodging
 + Level 2.2 Stealth
 + Level 2.3 Spellcasting
 + Level 1.6 Conjurations
 + Level 3.0 Fire Magic


You had 3 spell levels left.
You knew the following spells:

 Your Spells              Type           Power      Damage    Failure   Level
a - Foxfire               Conj/Fire      40%        2x1d6     7%          1
b - Scorch                Fire           24%        2d6       8%          2

Your spell library contained the following spells:

 Spells                   Type           Power      Damage    Failure   Level
 Conjure Flame            Conj/Fire      10%        6-21      21%         3
 Inner Flame              Hex/Fire       7%         N/A       28%         3
 Ignite Poison            Fire/Tmut/Pois 5%         N/A       34%         3
 Flame Wave               Conj/Fire      10%        2d6       54%         4
 Sticky Flame             Conj/Fire      10%        2d3       54%         4


Dungeon Overview and Level Annotations

Branches:
Dungeon (2/15)

Altars:


Innate Abilities, Weirdness & Mutations

You have very sharp fingernails.


Message History

You hit the kobold.
The kobold is moderately wounded.
The kobold closely misses you.
You hit the kobold.
You kill the kobold!
The quokka barely misses you. x2
You closely miss the quokka. The quokka bites you.
You hit the quokka.
The quokka is heavily wounded.
The quokka bites you.
You are too injured to fight recklessly!
Casting: Foxfire (safe; 7% risk of failure)
Confirm with . or Enter, or press ? or * to list all spells.
You conjure some foxfire!
The quokka bites you.
* * * LOW HITPOINT WARNING * * *
The hobgoblin hits you.
* * * LOW HITPOINT WARNING * * *
Your foxfire dissipates!
Things that are here:
a +0 club; a stone; a kobold corpse The quokka attacks as you move away!
The quokka closely misses you.
The quokka bites you but does no damage.
Casting: Foxfire (safe; 7% risk of failure)
Confirm with . or Enter, or press ? or * to list all spells.
You conjure some foxfire!
The quokka bites you.
* * * LOW HITPOINT WARNING * * *
Your foxfire dissipates!
Casting: Foxfire (safe; 7% risk of failure)
Confirm with . or Enter, or press ? or * to list all spells.
Flames lash the hobgoblin.
You kill the hobgoblin!
The quokka closely misses you. The quokka bites you.
* * * LOW HITPOINT WARNING * * *
Unknown command.
Casting: Scorch (safe; 8% risk of failure)
Confirm with . or Enter, or press ? or * to list all spells.
You miscast Scorch.
You are very lightly contaminated with residual magic.
Nothing appears to happen.
The quokka bites you.
You die...

#.. .........<.# ##.#
....:..>. ##.# #..#.#
##.# #...## ##.# #.§#g##
##.# ########.###.##
##.###.......## ##.#
........#####.###r##
##.###..# #.#@##
##.###..#######.........
##........†..........###
##.###..##############
##.# #..# ........#
...####.# #.# #.#


You could see a quokka.

Vanquished Creatures
  A dart slug (D:1)
  4 bats
  An endoplasm (D:2)
  3 hobgoblins
  10 jackals
  3 kobolds
  2 quokkas (D:1)
  4 ball pythons
  A frilled lizard (D:1)
  3 goblins
  A rat (D:2)
33 creatures vanquished.

Vanquished Creatures (others)
  64 foxfires
64 creatures vanquished.

Grand Total: 97 creatures vanquished

Notes
Turn   | Place    | Note
-------+----------+-------------------------------------------
     0 | D:1      | Ashen the Demonspawn Fire Elementalist began the quest for
                  | the Orb.
     0 | D:1      | Reached XP level 1. HP: 13/13 MP: 3/3
   486 | D:1      | Gained mutation: You have sharp fingernails. [demonic
                  | ancestry]
   486 | D:1      | Reached XP level 2. HP: 19/19 MP: 1/5
   652 | D:1      | Learned a level 2 spell: Scorch
  1296 | D:2      | Gained mutation: You have very sharp fingernails. [demonic
                  | ancestry]
  1296 | D:2      | Reached XP level 3. HP: 21/24 MP: 3/6
  1457 | D:2      | Reached skill level 3 in Fire Magic
  1555 | D:2      | HP: 1/24 [quokka (1)]
  1556 | D:2      | Slain by a quokka

Illustrated notes

Levels and vault maps discovered:
D:1:      minmay_arrival_four_circles, layout_loops_cross, minmay_tetromino_l2
D:2:      layout_loops_ring, basic_ecumenical_altar, minmay_misc_feat_rows

Skill      XL: |  1  2  3 |
---------------+----------+-----
Stealth        | 2 |  2.2
Dodging        | 2 |  2.2
Fire Magic     | 3 |  3.0
Spellcasting   | |  2.3
Conjurations   | |  1.6

Action                   || total
-------------------------++-------
Melee: Unarmed           ||    25
       Dagger            ||    24
 Cast: Foxfire           ||    42
       Scorch            ||     1
 Stab: Sleeping          ||     3
Armor: Robe              ||     8
Dodge: Dodged            ||    43
